AoeStats
← Malcolm Little

Nomad

508142794Analyzed
4v4 RM · 11d ago on Sep 21, 2026· 42m 12s· 8 players
Game mode
Random Map
Map size
231×231
Population
200
Speed
Normal
Resources
Standard
Victory
Conquest
Starting age
Dark Age
Ending age
Imperial Age
RankedLock teamsTeams togetherTeam positionsShared explorationLock speedFull tech treeHidden civsTurbo modeCheats
Victory
Defeat
1489
+15
🇹🇼 Celts · Taiwan
1470
+16
🇩🇴 Spanish · Dominican Republic
1439
+17
🇹🇼 Italians · Taiwan
1401
+20
1527
-19
🇦🇷 Malians · Argentina
1509
-19
🇨🇴 Persians · Colombia
1452
-16
🇦🇷 Vietnamese · Argentina
1398
-14
Malcolm Little
12:36 Feudal Age
19:43 Castle Age
24:19 Loom
35:37 Fletching
37:13 Town Watch
JINJIN
4:18 Loom
12:40 Feudal Age
17:59 Castle Age
16:15 Double-Bit Axe
16:23 Gold Mining
17:34 Horse Collar
19:16 Bow Saw
19:42 Wheelbarrow
22:42 Ballistics
24:16 Stone Mining
32:32 Imperial Age
31:20 Gold Shaft Mining
31:29 Fishing Lines
33:26 Furor Celtica
32:47 Heavy Scorpion
33:36 Capped Ram
35:26 Siege Ram
38:31 Heavy Plow
38:57 Pikeman
39:38 Scale Mail Armor
39:49 Forging
39:56 Siege Engineers
LuLALa
2:57 Loom
15:15 Feudal Age
17:24 Double-Bit Axe
17:20 Horse Collar
20:03 Castle Age
20:10 Fletching
21:22 Bow Saw
21:14 Heavy Plow
29:17 Wheelbarrow
28:35 Gold Mining
29:56 Ballistics
33:34 Imperial Age
32:08 Bodkin Arrow
32:14 Padded Archer Armor
31:56 Treadmill Crane
33:58 Leather Archer Armor
35:17 Chemistry
34:34 Stone Mining
34:26 Light Cavalry
35:16 Bloodlines
35:07 Husbandry
35:40 Bracer
36:42 Ring Archer Armor
37:26 Conscription
39:03 Hoardings
39:11 Scale Barding Armor
39:17 Clinker Construction
38:31 Hussar
40:57 Chain Barding Armor
40:48 Forging
瓦兰吉程咬金三板斧
12:27 Loom
14:30 Feudal Age
18:10 Castle Age
16:00 Fishing Lines
19:08 Horse Collar
19:53 Padded Archer Armor
21:42 Wheelbarrow
25:26 Heavy Plow
33:01 Bloodlines
37:07 Imperial Age
35:56 Hand Cart
35:33 Gold Mining
35:34 Stone Mining
36:15 Husbandry
38:19 Scale Mail Armor
38:29 Forging
39:27 Chemistry
38:42 Gambesons
38:58 Squires
39:38 Chain Mail Armor
AiM | Alexander the conqueror
12:03 Feudal Age
11:18 Loom
13:28 Double-Bit Axe
18:59 Castle Age
18:02 Fletching
19:53 Medium Warships
19:43 Bodkin Arrow
19:34 Town Watch
21:20 Wheelbarrow
21:22 Bow Saw
22:47 Ballistics
22:39 Clinker Construction
23:59 Horse Collar
28:30 Fishing Lines
29:02 Ballistas
36:29 Imperial Age
34:24 Scale Barding Armor
34:29 Forging
35:07 Bloodlines
35:55 Husbandry
37:28 Siege Engineers
38:24 Chemistry
37:51 Heavy Scorpion
41:15 Conscription
Cleryus
9:17 Loom
11:55 Feudal Age
12:41 Double-Bit Axe
17:08 Wheelbarrow
16:17 Horse Collar
18:34 Town Watch
22:28 Castle Age
21:28 Scale Barding Armor
22:33 Bloodlines
22:34 Forging
23:42 Fletching
25:14 Bodkin Arrow
25:44 Bow Saw
26:57 Crossbowman
28:31 Padded Archer Armor
31:46 Town Patrol
36:25 Husbandry
39:03 Imperial Age
38:32 Chain Barding Armor
39:00 Gold Mining
40:25 Cavalier
41:25 Hand Cart
Ronin Charles
8:41 Loom
13:56 Feudal Age
15:26 Town Watch
18:08 Castle Age
16:33 Double-Bit Axe
17:34 Scale Mail Armor
17:21 Horse Collar
20:04 Forging
35:18 Masonry
lcristian16
4:52 Loom
14:00 Feudal Age
18:01 Castle Age
16:27 Double-Bit Axe
17:50 Horse Collar
18:02 Stone Mining
18:57 Bow Saw
23:44 Fletching
26:05 Bodkin Arrow
27:27 Padded Archer Armor
28:05 Wheelbarrow
28:24 Padded Archer Armor
28:47 Town Watch
29:05 Heavy Plow
28:57 Gold Mining
31:54 Leather Archer Armor
33:45 Ballistics
37:27 Imperial Age
38:10 Bracer
39:11 Chemistry
41:39 Caravan
Connection lost

Rejoining the realm…

Still unreachable

The connection could not be restored.

Session expired

The server has moved on; the page needs a fresh start.